TOP OF THE 1ST |
Elizabethton Twins batting - Pitching for Orem Owlz : RHP Luis Cabrera
|
Pitching: RHP Luis Cabrera
|
|
Batting: RHB Andrew Nicol
|
0-0: Swinging Strike 0-1: Ball 1-1: Ball 2-1: Ball 3-1: Base on Balls
|
Batting: LHB David Campbell
|
0-0: Ball 1-0: Fielders Choice at 2nd, 3-6 (Groundball, 3, EV 87.5 MPH)
|
Batting: SHB Dan Morataya
|
0-0: Swinging Strike 0-1: Ball 1-1: Foul Ball, location: 2F 1-2: Ball 2-2: Strikes out swinging
|
Batting: RHB Nick Phipps
|
0-0: Called Strike 0-1: Foul Ball, location: 2F 0-2: Ball 1-2: DOUBLE (Groundball, 5L, EV 105.6 MPH) David Campbell to third
|
Batting: RHB Jose Gracia
|
0-0: Ball 1-0: Foul Ball, location: 2F 1-1: Called Strike 1-2: Ball 2-2: Ball 3-2: Fly out, F6 (Popup, 6, EV 57.5 MPH)
|
Top of the 1st over - 0 runs, 1 hit, 0 errors, 2 left on base; Elizabethton 0 - Orem 0 |
BOTTOM OF THE 1ST |
Orem Owlz batting - Pitching for Elizabethton Twins : RHP Andrew Rich
|
Pitching: RHP Andrew Rich
|
|
Batting: SHB Butch Brown
|
0-0: Ball 1-0: Foul Ball, location: 2F 1-1: Ball 2-1: Foul Ball, location: 2F 2-2: Fly out, F9 (Flyball, 9LM, EV 87.5 MPH)
|
Batting: LHB Justin Alexander
|
0-0: Foul Ball, location: 2F 0-1: Ball 1-1: Ball 2-1: Ball 3-1: Base on Balls
|
Batting: LHB Brett Bugge
|
0-0: Ball 1-0: Ball 2-0: Ball 3-0: Swinging Strike 3-1: SINGLE (Flyball, 5D, EV 96.9 MPH) Justin Alexander to second
|
Batting: RHB Mike Alm
|
0-0: Ball 1-0: Ball 2-0: Ball 3-0: Called Strike 3-1: Base on Balls Justin Alexander to third Brett Bugge to second
|
Pitching: RHP Bud Puffer
|
|
Batting: RHB Ryan Pelletier
|
0-0: Called Strike 0-1: Fielders Choice at 2nd, 6-4 (Groundball, 6, EV 103.1 MPH) Justin Alexander scores Brett Bugge to third
|
Batting: RHB Danny Bjarnson
|
0-0: Called Strike 0-1: SINGLE (Groundball, 3D, EV 103.8 MPH) Brett Bugge scores Ryan Pelletier to second Runner from 2nd tries for 3rd, SAFE, throw by RF made to third
|
Batting: RHB J.R. Roberts
|
0-0: Foul Ball, location: 2F 0-1: Foul Ball, location: 2F 0-2: Foul Ball, location: 2F 0-2: Foul Ball, location: 2F 0-2: Ball Wild Pitch! Ryan Pelletier scores Danny Bjarnson to second 1-2: Strikes out looking
|
Bottom of the 1st over - 3 runs, 2 hits, 0 errors, 1 left on base; Elizabethton 0 - Orem 3 |
TOP OF THE 2ND |
Elizabethton Twins batting - Pitching for Orem Owlz : RHP Luis Cabrera
|
Batting: RHB Jimmy Mayville
|
0-0: Ground out 6-3 (Groundball, 56, EV 108.8 MPH)
|
Batting: RHB Alex Belton
|
0-0: Ball 1-0: Called Strike 1-1: Foul Ball, location: 2F 1-2: Foul Ball, location: 2F 1-2: SINGLE (Groundball, 6D, EV 96.2 MPH)
|
Batting: LHB Jose Cotto
|
0-0: Ball 1-0: Ball 2-0: Ball 3-0: Called Strike 3-1: Base on Balls Alex Belton to second
|
Batting: SHB Nate Januchowski
|
0-0: Fly out, F6 (Popup, 6D, EV 66.2 MPH)
|
Batting: RHB Andrew Nicol
|
0-0: Foul Ball, location: 2F 0-1: Ball Passed Ball! Alex Belton to third Jose Cotto to second 1-1: Ball 2-1: Ball 3-1: Base on Balls
|
Batting: LHB David Campbell
|
0-0: Ball 1-0: Ground out 4-3 (Groundball, 4D, EV 105.0 MPH)
|
Top of the 2nd over - 0 runs, 1 hit, 0 errors, 3 left on base; Elizabethton 0 - Orem 3 |
BOTTOM OF THE 2ND |
Orem Owlz batting - Pitching for Elizabethton Twins : RHP Bud Puffer
|
Batting: RHB Kinya Nishimura
|
0-0: DOUBLE (Flyball, 9LM, EV 90.0 MPH)
|
Batting: RHB Jose Ramirez
|
0-0: Called Strike 0-1: SINGLE (Flyball, 8LS, EV 86.2 MPH) Kinya Nishimura to third
|
Batting: SHB Butch Brown
|
0-0: Called Strike 0-1: Ball 1-1: Ball 2-1: Foul Ball, location: 2F 2-2: Fly out, F9 (Line Drive, 9, EV 110.0 MPH)
|
Pitching: RHP Jon Hice
|
|
Batting: LHB Justin Alexander
|
0-0: Ball Jose Ramirez is caught stealing 2nd base 2-6 1-0: Swinging Strike 1-1: DOUBLE (Flyball, 89D, EV 100.0 MPH) Kinya Nishimura scores
|
Batting: LHB Brett Bugge
|
0-0: Foul Ball, location: 2F 0-1: Ball 1-1: Ball 2-1: Ball 3-1: Base on Balls
|
Batting: RHB Mike Alm
|
0-0: Ball 1-0: Fly out, F8 (Flyball, 8RD, EV 87.5 MPH)
|
Bottom of the 2nd over - 1 run, 3 hits, 0 errors, 2 left on base; Elizabethton 0 - Orem 4 |
TOP OF THE 3RD |
Elizabethton Twins batting - Pitching for Orem Owlz : RHP Luis Cabrera
|
Batting: SHB Dan Morataya
|
0-0: Called Strike 0-1: Ball 1-1: Ball 2-1: Ball 3-1: Called Strike 3-2: Base on Balls
|
Batting: RHB Nick Phipps
|
0-0: Foul Ball, location: 2F 0-1: SINGLE (Groundball, 6MD, EV 99.4 MPH) Dan Morataya to second Runner from 2nd tries for 3rd, SAFE, throw by CF made to third
|
Batting: RHB Jose Gracia
|
0-0: Ball 1-0: Called Strike 1-1: Foul Ball, location: 2F 1-2: Strikes out swinging
|
Batting: RHB Jimmy Mayville
|
0-0: Foul Ball, location: 2F 0-1: Foul Ball, location: 2F 0-2: Strikes out swinging Nick Phipps steals 2nd base Batter strikes out.
|
Batting: RHB Alex Belton
|
0-0: Ball 1-0: Foul Ball, location: 2F 1-1: Foul Ball, location: 2F 1-2: Hit by Pitch
|
Batting: LHB Jose Cotto
|
0-0: Called Strike 0-1: Foul Ball, location: 2F 0-2: Ball 1-2: Ball 2-2: Fly out, F8 (Flyball, 8LS, EV 93.1 MPH)
|
Top of the 3rd over - 0 runs, 1 hit, 0 errors, 3 left on base; Elizabethton 0 - Orem 4 |
BOTTOM OF THE 3RD |
Orem Owlz batting - Pitching for Elizabethton Twins : RHP Jon Hice
|
Batting: RHB Ryan Pelletier
|
0-0: Ground out 3-1 (Groundball, 34S, EV 68.1 MPH)
|
Batting: RHB Danny Bjarnson
|
0-0: Called Strike 0-1: Ball 1-1: Ground out 4-3 (Groundball, 4, EV 82.5 MPH)
|
Batting: RHB J.R. Roberts
|
0-0: Ball 1-0: Called Strike 1-1: Foul Ball, location: 2F 1-2: Ball 2-2: Foul Ball, location: 2F 2-2: Fly out, F9 (Flyball, 9LM, EV 103.1 MPH)
|
Bottom of the 3rd over - 0 runs, 0 hits, 0 errors, 0 left on base; Elizabethton 0 - Orem 4 |
TOP OF THE 4TH |
Elizabethton Twins batting - Pitching for Orem Owlz : RHP Luis Cabrera
|
Batting: SHB Nate Januchowski
|
0-0: Foul Ball, location: 2F 0-1: Ball 1-1: Ground out 4-3 (Groundball, 4, EV 104.4 MPH)
|
Batting: RHB Andrew Nicol
|
0-0: Ball 1-0: Foul Ball, location: 2F 1-1: Called Strike 1-2: Foul Ball, location: 2F 1-2: Ball 2-2: Ground out 5-3 (Groundball, 56S, EV 81.2 MPH)
|
Batting: LHB David Campbell
|
0-0: Ball 1-0: Called Strike 1-1: Ball 2-1: Ground out U3 (Groundball, 34, EV 85.6 MPH)
|
Top of the 4th over - 0 runs, 0 hits, 0 errors, 0 left on base; Elizabethton 0 - Orem 4 |
BOTTOM OF THE 4TH |
Orem Owlz batting - Pitching for Elizabethton Twins : RHP Jon Hice
|
Batting: RHB Kinya Nishimura
|
0-0: Ball 1-0: SOLO HOME RUN (Flyball, 89XD, EV 106.9 MPH), Distance : 411 ft
|
Batting: RHB Jose Ramirez
|
0-0: Ball 1-0: Ball 2-0: Ball 3-0: Called Strike 3-1: SINGLE (Groundball, 56D, EV 106.2 MPH)
|
Batting: SHB Butch Brown
|
0-0: Ball Jose Ramirez steals 2nd, throwing error, E2 Jose Ramirez to third 1-0: Ball 2-0: Called Strike 2-1: Foul Ball, location: 2F 2-2: Ball Wild Pitch! Jose Ramirez scores 3-2: DOUBLE (Flyball, 8LXD, EV 108.8 MPH)
|
Batting: LHB Justin Alexander
|
0-0: Foul Ball, location: 2F 0-1: Ball 1-1: Called Strike 1-2: Strikes out looking
|
Batting: LHB Brett Bugge
|
0-0: Ball 1-0: Called Strike 1-1: Ball 2-1: Foul Ball, location: 2F 2-2: Fly out, F9 (Flyball, 9LS, EV 93.1 MPH)
|
Batting: RHB Mike Alm
|
0-0: Ball 1-0: Foul Ball, location: 2F 1-1: DOUBLE (Line Drive, 78XD, EV 106.2 MPH) Butch Brown scores
|
Batting: RHB Ryan Pelletier
|
0-0: Ball 1-0: Ball 2-0: Foul Ball, location: 2F 2-1: Foul Ball, location: 2F 2-2: Ball 3-2: Base on Balls
|
Batting: RHB Danny Bjarnson
|
0-0: Called Strike 0-1: Ball 1-1: Fielders Choice at 2nd, 5-4 (Groundball, 56, EV 101.9 MPH)
|
Bottom of the 4th over - 3 runs, 4 hits, 1 error, 2 left on base; Elizabethton 0 - Orem 7 |
TOP OF THE 5TH |
Elizabethton Twins batting - Pitching for Orem Owlz : RHP Luis Cabrera
|
Pitching: RHP Tim Anderson
|
|
Batting: SHB Dan Morataya
|
0-0: Hit by Pitch
|
Batting: RHB Nick Phipps
|
0-0: Swinging Strike 0-1: Called Strike 0-2: Strikes out swinging
|
Batting: RHB Jose Gracia
|
0-0: Ball Dan Morataya steals 2nd base (no throw) 1-0: Called Strike 1-1: Ball 2-1: Fly out, F9 (Flyball, 9LS, EV 95.0 MPH)
|
Batting: RHB Jimmy Mayville
|
0-0: Ball 1-0: Called Strike 1-1: Foul Ball, location: 2F 1-2: Strikes out swinging
|
Top of the 5th over - 0 runs, 0 hits, 0 errors, 1 left on base; Elizabethton 0 - Orem 7 |
BOTTOM OF THE 5TH |
Orem Owlz batting - Pitching for Elizabethton Twins : RHP Jon Hice
|
Batting: RHB J.R. Roberts
|
0-0: Called Strike 0-1: Ball 1-1: Ground out 6-3 (Groundball, 6, EV 91.2 MPH)
|
Batting: RHB Kinya Nishimura
|
0-0: Ground out 6-3 (Groundball, 56, EV 85.0 MPH)
|
Batting: RHB Jose Ramirez
|
0-0: Called Strike 0-1: Ball 1-1: Ball 2-1: Foul Ball, location: 2F 2-2: DOUBLE (Line Drive, 9LS, EV 102.5 MPH)
|
Pitching: RHP Jorge Corte
|
|
Batting: SHB Butch Brown
|
0-0: Ball 1-0: Called Strike 1-1: Ball 2-1: Ball 3-1: Base on Balls
|
Batting: LHB Justin Alexander
|
0-0: Called Strike 0-1: Foul Ball, location: 2F 0-2: Ball 1-2: Ball 2-2: Ground out 1-3 (Groundball, 13, EV 66.2 MPH)
|
Bottom of the 5th over - 0 runs, 1 hit, 0 errors, 2 left on base; Elizabethton 0 - Orem 7 |
TOP OF THE 6TH |
Elizabethton Twins batting - Pitching for Orem Owlz : RHP Tim Anderson
|
Batting: RHB Alex Belton
|
0-0: Called Strike 0-1: Ball 1-1: Swinging Strike 1-2: Strikes out looking
|
Batting: LHB Jose Cotto
|
0-0: Ball 1-0: Ball 2-0: Swinging Strike 2-1: Ball 3-1: Swinging Strike 3-2: Foul Ball, location: 2F 3-2: Ground out 6-3 (Groundball, 6, EV 85.0 MPH)
|
Batting: SHB Nate Januchowski
|
0-0: Called Strike 0-1: Ball 1-1: Swinging Strike 1-2: Ball 2-2: Ground out U3 (Groundball, 3L, EV 93.1 MPH)
|
Top of the 6th over - 0 runs, 0 hits, 0 errors, 0 left on base; Elizabethton 0 - Orem 7 |
BOTTOM OF THE 6TH |
Orem Owlz batting - Pitching for Elizabethton Twins : RHP Jorge Corte
|
Batting: LHB Brett Bugge
|
0-0: Swinging Strike 0-1: Ball 1-1: Swinging Strike 1-2: DOUBLE (Line Drive, 3D, EV 101.9 MPH)
|
Batting: RHB Mike Alm
|
0-0: Fly out, F7 (Flyball, 7D, EV 99.4 MPH)
|
Batting: RHB Ryan Pelletier
|
0-0: Ball 1-0: Fly out, F9 (Flyball, 9D, EV 90.0 MPH)
|
Batting: RHB Danny Bjarnson
|
0-0: Ball 1-0: Ground out 3-1 (Groundball, 34S, EV 76.9 MPH)
|
Bottom of the 6th over - 0 runs, 1 hit, 0 errors, 1 left on base; Elizabethton 0 - Orem 7 |
TOP OF THE 7TH |
Elizabethton Twins batting - Pitching for Orem Owlz : RHP Tim Anderson
|
Batting: RHB Andrew Nicol
|
0-0: Swinging Strike 0-1: Ball 1-1: Foul Ball, location: 2F 1-2: Ball 2-2: Ball 3-2: Ground out 4-3 (Groundball, 4, EV 81.2 MPH)
|
Pitching: RHP Ed Raleigh
|
|
Batting: LHB David Campbell
|
0-0: Called Strike 0-1: Ball 1-1: Ball 2-1: Fly out, F7 (Flyball, 7LS, EV 93.8 MPH)
|
Batting: SHB Dan Morataya
|
0-0: Reached on error, E4 (Groundball, 4, EV 82.5 MPH)
|
Batting: RHB Nick Phipps
|
0-0: Foul Ball, location: 2F 0-1: Ball 1-1: Called Strike 1-2: Foul Ball, location: 2F 1-2: Ball 2-2: Ball 3-2: Foul Ball, location: 2F 3-2: Base on Balls Dan Morataya to second
|
Batting: RHB Jose Gracia
|
0-0: Called Strike 0-1: Ball 1-1: Called Strike 1-2: Ball 2-2: Foul Ball, location: 2F 2-2: Strikes out swinging
|
Top of the 7th over - 0 runs, 0 hits, 1 error, 2 left on base; Elizabethton 0 - Orem 7 |
BOTTOM OF THE 7TH |
Orem Owlz batting - Pitching for Elizabethton Twins : RHP Jorge Corte
|
Batting: RHB J.R. Roberts
|
0-0: Ball 1-0: Ball 2-0: Ball 3-0: Base on Balls
|
Batting: RHB Kinya Nishimura
|
0-0: Ball 1-0: Ground out 5-3 (Groundball, 56S, EV 67.5 MPH) J.R. Roberts to second
|
Batting: RHB Jose Ramirez
|
0-0: Called Strike 0-1: Ball 1-1: Ball 2-1: Called Strike 2-2: Ball 3-2: Strikes out swinging
|
Batting: SHB Butch Brown
|
0-0: Ball 1-0: Ball 2-0: Ball 3-0: Base on Balls
|
Pinch Hitting: RHB Luis Garcia
|
0-0: Called Strike 0-1: Ball 1-1: Ball 2-1: Ball 3-1: Base on Balls J.R. Roberts to third Butch Brown to second
|
Batting: LHB Brett Bugge
|
0-0: Foul Ball, location: 2F 0-1: Ground out 1-3 (Groundball, 13S, EV 68.8 MPH)
|
Bottom of the 7th over - 0 runs, 0 hits, 0 errors, 3 left on base; Elizabethton 0 - Orem 7 |
TOP OF THE 8TH |
Elizabethton Twins batting - Pitching for Orem Owlz : RHP Ed Raleigh
|
Now in LF: Luis Garcia
|
|
Batting: RHB Jimmy Mayville
|
0-0: Swinging Strike 0-1: Fly out, F9 (Flyball, 9LS, EV 92.5 MPH)
|
Batting: RHB Alex Belton
|
0-0: Swinging Strike 0-1: Ball 1-1: Ball 2-1: Foul Ball, location: 2F 2-2: Foul Ball, location: 2F 2-2: Foul Ball, location: 2F 2-2: SOLO HOME RUN (Flyball, 89XD, EV 107.5 MPH), Distance : 430 ft
|
Batting: LHB Jose Cotto
|
0-0: Called Strike 0-1: Ball 1-1: Ball 2-1: Foul Ball, location: 2F 2-2: Ball 3-2: Foul Ball, location: 2F 3-2: Foul Ball, location: 2F 3-2: SOLO HOME RUN (Flyball, 9D, EV 98.8 MPH), Distance : 385 ft
|
Batting: SHB Nate Januchowski
|
0-0: Ball 1-0: Ball 2-0: Ball 3-0: Called Strike 3-1: Foul Ball, location: 2F 3-2: Foul Ball, location: 2F 3-2: Ground out 1-3 (Groundball, 13S, EV 68.8 MPH)
|
Batting: RHB Andrew Nicol
|
0-0: Ball 1-0: Foul Ball, location: 2F 1-1: Ball 2-1: SOLO HOME RUN (Flyball, 7D, EV 96.9 MPH), Distance : 384 ft
|
Pitching: RHP Simon Vogel
|
|
Batting: LHB David Campbell
|
0-0: Ball 1-0: Foul Ball, location: 2F 1-1: Foul Ball, location: 2F 1-2: Foul Ball, location: 2F 1-2: Ball 2-2: Ground out U3 (Groundball, 34, EV 86.9 MPH)
|
Top of the 8th over - 3 runs, 3 hits, 0 errors, 0 left on base; Elizabethton 3 - Orem 7 |
BOTTOM OF THE 8TH |
Orem Owlz batting - Pitching for Elizabethton Twins : RHP Jorge Corte
|
Batting: RHB Mike Alm
|
0-0: Ball 1-0: Ball 2-0: Ball 3-0: Base on Balls
|
Batting: RHB Ryan Pelletier
|
0-0: Ball 1-0: Ball Mike Alm steals 2nd base 2-0: Called Strike 2-1: Ball 3-1: SINGLE (Line Drive, 6MD, EV 100.0 MPH) Mike Alm to third
|
Batting: RHB Danny Bjarnson
|
0-0: Ball Ryan Pelletier steals 2nd base 1-0: Called Strike 1-1: Ball 2-1: Ball 3-1: Base on Balls
|
Batting: RHB J.R. Roberts
|
0-0: Ball 1-0: Ball 2-0: Ball 3-0: Base on Balls Mike Alm scores Ryan Pelletier to third Danny Bjarnson to second
|
Batting: RHB Kinya Nishimura
|
0-0: Swinging Strike 0-1: Grounds into double play, 5-4-3 (Groundball, 56, EV 78.8 MPH) Ryan Pelletier scores Danny Bjarnson to third
|
Pitching: RHP Keith Nix
|
|
Batting: RHB Jose Ramirez
|
0-0: Ball 1-0: Ground out 6-3 (Groundball, 6, EV 101.9 MPH)
|
Bottom of the 8th over - 2 runs, 1 hit, 0 errors, 1 left on base; Elizabethton 3 - Orem 9 |
TOP OF THE 9TH |
Elizabethton Twins batting - Pitching for Orem Owlz : RHP Simon Vogel
|
Batting: SHB Dan Morataya
|
0-0: Ball 1-0: Ball 2-0: Ball 3-0: Base on Balls
|
Batting: RHB Nick Phipps
|
0-0: Foul Ball, location: 2F 0-1: Foul Ball, location: 2F 0-2: Foul Ball, location: 2F 0-2: Ball 1-2: Ball 2-2: Ball 3-2: Foul Ball, location: 2F 3-2: DOUBLE (Line Drive, 9LM, EV 106.2 MPH) Dan Morataya to third
|
Batting: RHB Jose Gracia
|
0-0: Ball 1-0: Ball 2-0: Ball 3-0: Called Strike 3-1: Foul Ball, location: 2F 3-2: Base on Balls
|
Batting: SHB Chris Hull
|
0-0: Ball 1-0: Called Strike 1-1: Ball 2-1: Foul Ball, location: 2F 2-2: Foul Ball, location: 2F 2-2: Ball 3-2: Base on Balls Dan Morataya scores Nick Phipps to third Jose Gracia to second
|
Pitching: RHP Danny Nava
|
|
Batting: RHB Alex Belton
|
0-0: Called Strike 0-1: Ball 1-1: Ball 2-1: Foul Ball, location: 2F 2-2: Foul Ball, location: 2F 2-2: Ball 3-2: Foul Ball, location: 2F 3-2: Grounds into double play, 4-6-3 (Groundball, 4, EV 84.4 MPH) Nick Phipps scores Jose Gracia to third
|
Batting: LHB Jose Cotto
|
0-0: Fly out, F7 (Flyball, 7D, EV 92.5 MPH)
|
Top of the 9th over - 2 runs, 1 hit, 0 errors, 1 left on base; Elizabethton 5 - Orem 9 |
|